 Dungeon Crawl Stone Soup version 0.24.1-4-ge52af88ad5 (webtiles) character file.

Game seed: 7442544462334259876, levelgen mode: deterministic

339 Gruesph the Chopper (level 6, -4/50 HPs)
             Began as a Formicid Abyssal Knight on Apr 15, 2020.
             Was a Believer of Lugonu.
             Slain by an orc warrior
             ... wielding a +0 broad axe
              (19 damage)
             ... on level 7 of the Dungeon.
             The game lasted 00:14:39 (3772 turns).

Gruesph the Chopper (Formicid Abyssal Knight)       Turns: 3772, Time: 00:14:40

Health: -4/50      AC:  6    Str: 18    XL:     6   Next: 86%
Magic:  8/8        EV: 10    Int: 12    God:    Lugonu [**....]
Gold:   144        SH:  0    Dex: 10    Spells: 5/5 levels left

rFire    . . .     SeeInvis +   a - +0 war axe
rCold    . . .     Gourm    .   (no shield)
rNeg     . . .     Faith    .   k - +0 ring mail
rPois    .         Spirit   .   (helmet unavailable)
rElec    .         Reflect  .   l - +0 cloak
rCorr    .         Harm     .   (no gloves)
MR       .....                  (no boots)
Stlth    ..........             (no amulet)
HPRegen  0.16/turn              (no ring)
MPRegen  0.11/turn              (no ring)

@: no status effects
A: permanent stasis, dig shafts and tunnels, four strong arms, antennae 3
a: Dig, Shaft Self, Depart the Abyss, Bend Space, Renounce Religion


You were on level 7 of the Dungeon.
You worshipped Lugonu.
Lugonu was pleased with you.
You were not hungry.

You visited 1 branch of the dungeon, and saw 5 of its levels.
You visited the Abyss 1 time.

You collected 144 gold pieces.

Inventory:

Hand Weapons
 a - a +0 war axe (weapon)
 b - a +0 hunting sling
Missiles
 d - 47 sling bullets
 i - 79 stones (quivered)
Armour
 k - a +0 ring mail (worn)
 l - a +0 cloak (worn)
Jewellery
 q - an uncursed amulet of the gourmand {unknown}
Scrolls
 h - 3 scrolls of enchant weapon {unknown}
 j - a scroll of enchant armour {unknown}
 m - 3 scrolls of identify {unknown}
 o - 2 scrolls of remove curse {unknown}
 p - 4 scrolls of teleportation {unknown}
Potions
 c - a potion of curing
 e - 2 potions of degeneration {unknown}
 g - 2 potions of lignification {unknown}
 n - a potion of heal wounds {unknown}
 r - a potion of might {unknown}
 s - a potion of haste {unknown}
Comestibles
 f - 6 rations


   Skills:
 + Level 4.9 Fighting
 * Level 5.2 Axes
 - Level 2.1 Armour
 - Level 0.8 Dodging
 + Level 3.8 Invocations


You had 5 spell levels left.
You didn't know any spells.
Your spell library was empty.

Dungeon Overview and Level Annotations

Branches:
Dungeon (4/15)
 Temple: D:4-7

Altars:
Nemelex Xobeh

Shops:
D:4 =


Innate Abilities, Weirdness & Mutations

You cannot be hasted, slowed, berserked, paralysed or teleported.
You can dig through walls and to a lower floor.
Your four strong arms can wield two-handed weapons with a shield.
You have a pair of large antennae on your head. (SInv)


Message History

The orc warrior hits you but does no damage.
The big kobold hits you but does no damage.
You closely miss the big kobold.
The big kobold is almost dead.
You closely miss the orc warrior. The orc warrior barely misses you.
The big kobold hits you but does no damage.
You slash the big kobold!
You kill the big kobold!
Lugonu accepts your kill.
Your Axes skill increases to level 5!
You barely miss the orc warrior.
The orc warrior hits you with a +0 broad axe!
You hit the orc warrior.
The orc warrior is lightly wounded.
The orc warrior hits you with a +0 broad axe!
* * * LOW HITPOINT WARNING * * *
You barely miss the orc warrior.
The orc warrior is lightly wounded.
The orc warrior hits you with a +0 broad axe!!
You die...

##### #...# #...#
#...# #...# #.
#...#
##...####...####
.o............)##
##...#########@(#
#. ##o#


KK# #oo. ..o. ...... ..##'# .# .. You could see an orc warrior, a big kobold, 3
orcs and a kobold.

Vanquished Creatures
  A big kobold (D:7)
  A bullfrog (D:4)
  An orc priest (D:3)
  A worker ant (D:4)
  6 adders
  2 worms
  2 dart slugs
  4 leopard geckos
  7 orcs
  7 bats
  5 giant cockroaches
  8 hobgoblins
  4 jackals (D:2)
  11 kobolds
  4 quokkas (D:2)
  A ball python (D:1)
  4 frilled lizards
  8 goblins
  8 rats
85 creatures vanquished.

Notes
Turn   | Place    | Note
-------+----------+-------------------------------------------
     0 | Abyss:1  | Gruesph the Formicid Abyssal Knight began the quest for the
                  | Orb.
     0 | Abyss:1  | Reached XP level 1. HP: 18/18 MP: 2/2
     5 | D:1      | Escaped the Abyss
   260 | D:1      | Reached XP level 2. HP: 19/24 MP: 3/3
   558 | D:1      | Reached XP level 3. HP: 13/29 MP: 4/4
   797 | D:1      | Reached * piety under Lugonu
  1228 | D:1      | Reached skill level 3 in Axes
  1303 | D:2      | Found a sparkling altar of Nemelex Xobeh.
  1352 | D:2      | Reached XP level 4. HP: 25/37 MP: 6/6
  1991 | D:3      | Reached XP level 5. HP: 41/42 MP: 7/7
  2264 | D:3      | Reached skill level 4 in Axes
  2274 | D:3      | Reached ** piety under Lugonu
  3324 | D:4      | Noticed a bullfrog
  3334 | D:4      | Killed a bullfrog
  3334 | D:4      | Reached XP level 6. HP: 39/49 MP: 8/8
  3405 | D:4      | Found Muderoic's Jewellery Boutique.
  3462 | D:4      | You fall into a shaft and drop 3 floors!
  3760 | D:7      | Noticed an orc warrior
  3770 | D:7      | Reached skill level 5 in Axes
  3772 | D:7      | Slain by an orc warrior

Levels and vault maps discovered:
D:1:      dpeg_arrival_rooms_c, layout_rooms, minmay_misc_feat_hallway
D:2:      layout_basic, lemuel_coloured_pillars_altar
D:3:      layout_basic, first_ration
D:4:      layout_basic, temple_statues, serial_shops, kennysheep_little_box,
          hex_tiny
D:7:      layout_basic, grunt_livestock, minmay_unpleasant_kobolds

Skill      XL: |  1  2  3  4  5  6 |
---------------+-------------------+-----
Axes           | 3 4 5 |  5.2
Invocations    | 3 |  3.8
Fighting       | 4 |  4.9
Armour         | |  2.1
Dodging        | |  0.8

Action                   |  1- 3 |  4- 6 || total
-------------------------+-------+-------++-------
Melee: Hand axe          |   116 |   121 ||   237
       War axe           |       |    54 ||    54
 Fire: Hunting sling     |       |    22 ||    22
Throw: Stone             |    32 |    23 ||    55
Invok: Depart the Abyss  |     1 |       ||     1
 Abil: Shaft Self        |       |     1 ||     1
  Use: Potion            |       |     1 ||     1
  Eat: Chunk             |     1 |     5 ||     6
       Ration            |       |     1 ||     1
Armor: Leather armour    |    15 |       ||    15
       Ring mail         |    34 |    73 ||   107
Dodge: Dodged            |    83 |   110 ||   193
